AoeStats
← XgsebX

Arena

507852233Analyzed
1v1 RM · 13d ago on Sep 19, 2026· 41m 3s· 2 players
Game mode
Random Map
Map size
Tiny (2 player)
Population
200
Speed
Normal
Resources
Standard
Victory
Conquest
Starting age
Dark Age
Ending age
Imperial Age
RankedLock teamsTeams togetherTeam positionsShared explorationLock speedFull tech treeHidden civsTurbo modeCheats
Victory
Defeat
🇨🇱 Gurjaras · Chile
319
+15
🇦🇷 Ethiopians · Argentina
295
-15
XgsebX
11:55 Feudal Age
13:12 Double-Bit Axe
13:10 Horse Collar
20:55 Castle Age
23:36 Bow Saw
26:13 Forging
26:21 Heavy Plow
29:22 Wheelbarrow
33:12 Imperial Age
32:15 Gold Mining
33:10 Iron Casting
32:25 Fletching
35:14 Royal Heirs
35:24 Royal Heirs
36:18 Elite Shotel Warrior
Marco!
7:51 Loom
15:34 Feudal Age
20:33 Castle Age
18:39 Horse Collar
18:48 Double-Bit Axe
18:57 Stone Mining
21:41 Wheelbarrow
22:36 Bow Saw
22:30 Heavy Plow
25:12 Gold Mining
27:59 Stone Shaft Mining
31:22 Gold Shaft Mining
33:22 Kshatriyas
34:00 Ballistics
33:46 Padded Archer Armor
33:36 Fletching
33:57 Forging
33:47 Scale Mail Armor
33:53 Scale Barding Armor
34:37 Kshatriyas
37:52 Leather Archer Armor
37:33 Bodkin Arrow
38:14 Iron Casting
37:54 Chain Mail Armor
38:00 Chain Barding Armor
39:05 Bloodlines
38:58 Husbandry
Connection lost

Rejoining the realm…

Still unreachable

The connection could not be restored.

Session expired

The server has moved on; the page needs a fresh start.